 Dungeon Crawl Stone Soup version 0.22.1-5-g62c59d919a (webtiles) character file.

433 NochnoyZador the Skirmisher (level 7, -2/54 HPs)
             Began as an Octopode Monk on Jan 12, 2019.
             Slain by a sky beast (4 damage)
             ... on level 5 of the Dungeon.
             The game lasted 00:10:16 (4181 turns).

NochnoyZador the Skirmisher (Octopode Monk)         Turns: 4181, Time: 00:10:16

Health: -2/54      AC:  1    Str: 13    XL:     7   Next: 0%
Magic:  7/7        EV: 14    Int: 12    God:
Gold:   260        SH:  0    Dex: 14    Spells: 6/6 levels left

rFire    . . .     SeeInvis .     - Unarmed
rCold    . . .     Gourm    .   (no shield)
rNeg     + . .     Faith    .   (helmet restricted)
rPois    +         Spirit   .   (no amulet)
rElec    .         Reflect  .   j - ring of resist corrosion
rCorr    +         Harm     .   q - ring of positive energy
MR       .....                  t - ring of poison resistance
Stlth    +++.......             (no ring)
HPRegen  0.18/turn              (no ring)
MPRegen  0.10/turn              (no ring)
                                (no ring)
                                (no ring)

@: no status effects
A: almost no armour, stealthy swim, amphibious, 8 rings, constrict 8, camouflage
1, gelatinous body 1
a: no special abilities


You were on level 5 of the Dungeon.
You were not hungry.

You visited 1 branch of the dungeon, and saw 5 of its levels.

You collected 260 gold pieces.

Inventory:

Missiles
 b - 61 stones (quivered)
Jewellery
 j - a ring of resist corrosion (left tentacle)
 q - a ring of positive energy (right tentacle)
 t - a ring of poison resistance (on tentacle)
 w - a +4 ring of evasion {unknown}
Scrolls
 c - 2 scrolls of enchant weapon {unknown}
 d - a scroll of noise {unknown}
 l - a scroll of remove curse {unknown}
 n - a scroll of fear {unknown}
 p - 5 scrolls of identify
 r - 2 scrolls of teleportation
 s - a scroll of amnesia {unknown}
 u - a scroll of random uselessness {unknown}
Potions
 e - a potion of might {unknown}
 f - 3 potions of curing {unknown}
 g - 4 potions of cancellation {unknown}
 h - 3 potions of agility {unknown}
 i - a potion of mutation {unknown}
 k - a potion of degeneration {unknown}
 m - a potion of brilliance {unknown}
 o - a potion of heal wounds {unknown}
Comestibles
 a - 7 rations
 v - 2 chunks of flesh


   Skills:
 + Level 7.1 Fighting
 * Level 3.2 Dodging
 * Level 3.4 Stealth
 * Level 3.5 Unarmed Combat


You had 6 spell levels left.
You didn't know any spells.
Your spell library was empty.

Dungeon Overview and Level Annotations

Branches:
Dungeon (5/15)             Temple (0/1) D:4

Altars:


Innate Abilities, Weirdness & Mutations

You cannot wear most types of armour.
You are very stealthy in the water. (Stealth+)
You are amphibious.
You can wear up to eight rings at the same time.
You can use your tentacles to constrict eight enemies at once.
Your skin changes colour to match your surroundings (Stealth+).
Your rubbery body absorbs attacks. (AC +1, EV +1)


Message History

The sky beast barely misses you.
You tentacle-slap the sky beast but do no damage.
The sky beast is heavily wounded.
The sky beast flickers out of sight!
Deactivating autopickup; reactivate with Ctrl-A.
Something hits you but does no damage.
You tentacle-slap something but do no damage.
Something barely misses you.
You barely miss something. Something hits you.
* * * LOW HITPOINT WARNING * * *
Something shocks you.
* * * LOW HITPOINT WARNING * * *
You miss something. Something hits you.
* * * LOW HITPOINT WARNING * * *
Something shocks you.
* * * LOW HITPOINT WARNING * * *
You tentacle-slap something but do no damage.
You squeeze something! Something barely misses you.
You tentacle-slap something. Something hits you.
You die...

>........ #........ ####
#........ ...# #........
...# #........ ...#
#.h...... ...# #........
...# #.#######≈....... ...#
#....@{.......... ...#
######...######## .###
#............. .#
#............. .#
#............. .#
#.............
.#############.............
...........................
##############.............


There were no monsters in sight!

Vanquished Creatures
  A crimson imp (D:5)
  An orc priest (D:3)
  A bullfrog skeleton (D:4)
  An orc wizard (D:4)
  6 worker ants
  8 adders
  3 gnolls (D:3)
  2 worms
  A dart slug (D:2)
  5 leopard geckos
  7 orcs
  5 giant cockroaches
  10 hobgoblins
  3 jackals (D:5)
  2 ball pythons (D:2)
  2 bats (D:1)
  5 frilled lizards
  3 goblins
  4 kobolds
  2 rats
72 creatures vanquished.

Notes
Turn   | Place    | Note
-------+----------+-------------------------------------------
     0 | D:1      | NochnoyZador the Octopode Monk began the quest for the Orb.
     0 | D:1      | Reached XP level 1. HP: 16/16 MP: 1/1
   278 | D:1      | Reached XP level 2. HP: 21/21 MP: 2/2
   715 | D:2      | Reached skill level 4 in Fighting
   826 | D:2      | Reached XP level 3. HP: 20/27 MP: 3/3
  1358 | D:2      | Reached XP level 4. HP: 27/34 MP: 4/4
  1768 | D:3      | Reached skill level 5 in Fighting
  1855 | D:3      | Reached XP level 5. HP: 25/39 MP: 5/5
  2273 | D:3      | Reached skill level 6 in Fighting
  2958 | D:4      | Reached XP level 6. HP: 39/47 MP: 6/6
  3061 | D:4      | Found a staircase to the Ecumenical Temple.
  3465 | D:4      | Reached skill level 7 in Fighting
  4089 | D:5      | Entered Level 5 of the Dungeon
  4150 | D:5      | Noticed a sky beast
  4166 | D:5      | Reached XP level 7. HP: 38/54 MP: 7/7
  4179 | D:5      | HP: 1/54 [something (5)]
  4181 | D:5      | Slain by a sky beast

Skill      XL: |  1  2  3  4  5  6 |
---------------+-------------------+-----
Fighting       | 4 5 6 7 |  7.1
Stealth        | 3 |  3.4
Dodging        | |  3.2
Unarmed Combat | |  3.5

Action                   |  1- 3 |  4- 6 |  7- 9 || total
-------------------------+-------+-------+-------++-------
Melee: Unarmed           |    50 |   140 |    14 ||   204
       Constrict         |    15 |    46 |       ||    61
       Tentacles         |     6 |    36 |     2 ||    44
       Punch             |       |     8 |       ||     8
  Use: Scroll            |       |     1 |       ||     1
 Stab: Sleeping          |     6 |    11 |       ||    17
  Eat: Chunk             |     1 |     7 |       ||     8
       Ration            |       |     1 |       ||     1
Armor: Skin              |     1 |     5 |     2 ||     8
Dodge: Dodged            |    23 |    74 |     6 ||   103
